 Dungeon Crawl Stone Soup version 0.29-a0-824-gd827844252 (webtiles) character file.

Game seed: 8783269109926675717

149 buhh the Insei (level 5, 0/40 HPs)
             Began as a Demonspawn Transmuter on July 9, 2022.
             Was an Initiate of Cheibriados.
             Killed by nerve-wracking pain
             ... invoked by an orc priest
              (11 damage)
             ... on level 5 of the Dungeon.
             The game lasted 00:04:28 (3691 turns).

buhh the Insei (Demonspawn Transmuter)              Turns: 3691, Time: 00:04:29

Health: 0/40       AC:  6    Str: 11    XL:     5   Next: 9%
Magic:  8/8        EV: 13    Int: 20    God:    Cheibriados [......]
Gold:   157        SH:  0    Dex: 14    Spells: 7/8 levels left

rFire   . . .      SeeInvis .     - Unarmed
rCold   . . .      Faith    .   (no shield)
rNeg    . . .      Spirit   .   a - +0 robe
rPois   .          Reflect  .   (no helmet)
rElec   .          Harm     .   (no cloak)
rCorr   +          Rampage  .   (no gloves)
Will    .....                   (no boots)
Stlth   +.........              (no amulet)
HPRegen 0.13/turn               c - ring of resist corrosion
MPRegen 0.11/turn               b - +4 ring of protection

@: about to teleport, very slow
A: big brain 1, demonic magic 1
a: Renounce Religion


You were on level 5 of the Dungeon.
You worshipped Cheibriados.
Cheibriados was noncommittal.
You visited 2 branches of the dungeon, and saw 6 of its levels.

You collected 157 gold pieces.

Inventory:

Armour
 a - a +0 robe (worn)
Jewellery
 b - a +4 ring of protection (right hand)
 c - a ring of resist corrosion (left hand)
Scrolls
 d - 11 scrolls of identify {unknown}
 g - a scroll of vulnerability {unknown}
 i - a scroll of immolation {!d}
 r - a scroll of summoning {unknown}
 s - a scroll of magic mapping {unknown}
Potions
 e - 3 potions of ambrosia {unknown}
 f - 2 potions of might {unknown}
 j - 2 potions of curing {unknown}
 k - a potion of berserk rage {unknown}
 l - a potion of heal wounds {unknown}
 m - a potion of cancellation {unknown}
 n - a potion of haste {unknown}
 t - a potion of resistance {unknown}
 u - a potion of degeneration {unknown}


   Skills:
 + Level 2.9 Fighting
 + Level 3.1 Dodging
 + Level 3.7 Unarmed Combat
 - Level 2.0 Spellcasting
 - Level 1.7 Transmutations


You had 7 spell levels left.
You knew the following spells:

 Your Spells              Type           Power      Damage    Failure   Level
a - Beastly Appendage     Tmut           18%        N/A       8%          1

Your spell library contained the following spells:

 Spells                   Type           Power      Damage    Failure   Level
 Wereblood                Tmut           9%         N/A       12%         2
 Spider Form              Tmut/Pois      5%         N/A       32%         3
 Ice Form                 Ice/Tmut       5%         N/A       73%         4


Dungeon Overview and Level Annotations

Branches:
Dungeon (5/15) Zot: 39820  Temple (1/1) D:4 Zot: 8683

Altars:
Ashenzari
Cheibriados
Fedhas
Gozag
Kikubaaqudgha
Makhleb
Nemelex Xobeh
Okawaru
Qazlal
Ru
Sif Muna
Trog
Uskayaw
Vehumet

Shops:
D:2 =


Innate Abilities, Weirdness & Mutations

You have an unusually large brain. (Int +2)
Spells you cast may paralyse adjacent enemies.


Message History

Malevolent energies surge around you. The adder misses you.
You barely miss the adder. You claw the adder.
The adder is moderately wounded.
The adder barely misses you.
You miss the adder. You claw the adder.
You kill the adder!
Cheibriados thoroughly appreciates the change of pace.
Your transformation is almost over.
Your horns disappear.
Your talons disappear.
The orc priest begins to cast a cantrip, but forgets the words!
The orc barely misses you.
The orc priest looks satisfied for a moment.
The orc shouts!
The orc throws a boomerang.
The boomerang hits you but does no damage.
The orc hits you but does no damage.
The orc priest miscasts a cantrip.
The orc barely misses you.
The orc throws a boomerang.
The boomerang hits you.
There is a stone staircase leading down here.
The orc hits you from afar with a +0 trident.
* * * LOW HITPOINT WARNING * * *
You climb downwards.
Found an escape hatch in the ceiling.
Found a stone staircase leading up.
There is a stone staircase leading up here.
As you read the scroll labelled DIAXUM UPYC, it crumbles to dust.
You hear a loud clanging noise!
It was a scroll of noise.
You hear a shout! x3; You hear an angry hiss.
As you read the scroll labelled ORANIU NORE, it crumbles to dust.
You feel strangely unstable.
It was a scroll of teleportation.
The necrophage misses you. The necrophage hits you.
* * * LOW HITPOINT WARNING * * *
An orc comes into view. It is wielding a +0 hand axe.
The necrophage attacks as you move away!
The necrophage hits you but does no damage.
The orc priest calls down the wrath of Beogh upon you.
Pain shoots through your body!
You die...

#. # .# ##..
.###. #....
..#o .....
#..##
....###...#
#...o..#
#...<.##
##..n..#.#
#.@......#
#.<.....####.#
........### .#
###..#..# .
##.<..# ##....
##... ..#.


You could see a necrophage, an orc priest and an orc.

Vanquished Creatures
  An iguana (D:3)
  4 adders
  An ufetubus (D:4)
  A worm (D:3)
  A dart slug (D:3)
  An orc (D:4)
  4 endoplasms
  5 giant cockroaches
  9 goblins
  11 hobgoblins
  3 jackals (D:2)
  9 kobolds
  2 quokkas
  7 ball pythons
  3 bats
  4 frilled lizards
  5 rats
71 creatures vanquished.

Notes
Turn   | Place    | Note
-------+----------+-------------------------------------------
     0 | D:1      | buhh the Demonspawn Transmuter began the quest for the Orb.
     0 | D:1      | Reached XP level 1. HP: 15/15 MP: 3/3
    43 | D:1      | Gained mutation: You have an unusually large brain. (Int
                  | +2) [demonic ancestry]
    43 | D:1      | Reached XP level 2. HP: 8/21 MP: 3/5
   617 | D:1      | Found a faded altar of an unknown god.
  1328 | D:2      | Reached XP level 3. HP: 24/27 MP: 4/6
  1767 | D:2      | Found Suaquf's Jewellery Boutique.
  2301 | D:3      | Found a shimmering blue altar of Sif Muna.
  2385 | D:3      | Reached XP level 4. HP: 34/34 MP: 5/7
  3204 | D:4      | Found a staircase to the Ecumenical Temple.
  3340 | Temple   | Entered the Ecumenical Temple
  3518 | Temple   | Became a worshipper of Cheibriados the Contemplative
  3598 | D:4      | Gained mutation: Spells you cast may paralyse adjacent
                  | enemies. [demonic ancestry]
  3598 | D:4      | Reached XP level 5. HP: 38/40 MP: 8/8
  3687 | D:5      | Entered Level 5 of the Dungeon
  3691 | D:5      | Killed from afar by an orc priest

Illustrated notes

Levels and vault maps discovered:
D:1:      eino_arrival_tree_alley, layout_basic,
          shapermc_ecumenical_altar_mp_urbaneastern
D:2:      layout_rooms, serial_shops, nicolae_shop_stone
D:3:      layout_rooms, nicolae_sif_muna_little_library
D:4:      layout_basic, minmay_temple_entry_statues
D:5:      layout_layer_cave, chequers_temple_overflow_minitemple, serial_shops,
          shop, kennysheep_little_box, nicolae_shop_behind_doors, shop_coins,
          kennysheep_mini_moat, uniq_menkaure, uniq_sigmund,
          uniq_prince_ribbit1, uniq_grinder
Temple:   nicolae_temple_bog_church

Skill      XL: |  1  2  3  4 |
---------------+-------------+-----
Dodging        | 2 3 |  3.1
Unarmed Combat | 3 |  3.7
Fighting       | 2 |  2.9
Spellcasting   | |  2.0
Transmutations | |  1.7

Action                   |  1- 3 |  4- 6 || total
-------------------------+-------+-------++-------
Melee: Unarmed           |   101 |    63 ||   164
       Kick              |    27 |    14 ||    41
       Headbutt          |    10 |     2 ||    12
       Punch             |       |     2 ||     2
Throw: Dart              |       |     2 ||     2
 Cast: Beastly Appendage |    36 |    13 ||    49
  Use: Potion            |     1 |       ||     1
       Scroll            |       |     5 ||     5
Armor: Robe              |    13 |    25 ||    38
       Skin              |    18 |       ||    18
Dodge: Dodged            |    59 |    57 ||   116

Table legend: (Time is in decaauts)
 A = Elapsed time spent in this place.
 B = Non-inter-level travel time spent in this place.
 C = Inter-level travel time spent in this place.
 D = Time resting spent in this place.
 E = Time spent auto-exploring this place.
 F = Levels seen in this place.
 G = Mean time per level.
                   A        B        C        D        E       F      G
               +--------+--------+--------+--------+--------+-----+--------+
         Total |   3734 |   3606 |    128 |    173 |   2899 |   6 |  622.3 |
       Dungeon |   3513 |   3415 |     98 |    173 |   2746 |   5 |  702.6 |
        Temple |    220 |    191 |     29 |      0 |    152 |   1 |  220.0 |
               +--------+--------+--------+--------+--------+-----+--------+

Top non-repeatable levels by time:
     D:1: 1304 daAuts
     D:2: 929 daAuts
     D:4: 689 daAuts
     D:3: 586 daAuts
  Temple: 220 daAuts
     D:5: 4 daAuts
